 Dungeon Crawl Stone Soup version 0.27-a0-343-gfcad680f63 (webtiles) character file.

Game seed: 921322893495660040

128 Lanoc the Bolt Thrower (level 4, -8/37 (38) HPs)
             Began as a Draconian Hunter on Feb 14, 2021.
             Was a Follower of Fedhas.
             Killed by divine providence
             ... invoked by an orc priest
              (13 damage)
             ... on level 4 of the Dungeon.
             The game lasted 00:03:04 (2132 turns).

Lanoc the Bolt Thrower (Draconian Hunter)           Turns: 2132, Time: 00:03:05

HP:   -8/37 (38)    AC:  5    Str: 14    XL:     4   Next: 86%
MP:   4/4           EV: 13    Int: 11    God:    Fedhas [*.....]
Gold: 122           SH:  0    Dex: 13    Spells: 3/3 levels left

rFire    + . .     SeeInvis .   a - +1 hand crossbow
rCold    . . .     Faith    .   (no shield)
rNeg     . . .     Spirit   .   (armour unavailable)
rPois    .         Reflect  .   (helmet restricted)
rElec    .         Harm     .   (no cloak)
rCorr    .         Rampage  .   (no gloves)
Will     .....                  (no boots)
Stlth    ++........             (no amulet)
HPRegen  0.12/turn              g - ring of protection from fire
MPRegen  0.09/turn              (no ring)

@: lightly drained
A: unfitting armour, cold-blooded, AC +5
a: Renounce Religion


You were on level 4 of the Dungeon.
You worshipped Fedhas.
Fedhas was aware of your devotion.
You visited 1 branch of the dungeon, and saw 4 of its levels.

You collected 122 gold pieces.

Inventory:

Hand Weapons
 a - a +1 hand crossbow (weapon)
 b - a +0 dagger of draining
Missiles
 c - 14 bolts (quivered ammo)
Jewellery
 g - a ring of protection from fire (left hand)
Scrolls
 f - 4 scrolls of identify {unknown}
 i - a scroll of enchant armour {unknown}
 j - a scroll of fear {unknown}
Potions
 d - a potion of might {unknown}
 e - 2 potions of resistance {unknown}
 h - a potion of attraction {unknown}
 k - a potion of curing
 l - a potion of lignification {unknown}


   Skills:
 + Level 3.3 Fighting
 + Level 4.8 Crossbows
 + Level 2.7 Dodging
 - Level 0.8 Stealth
 + Level 0.0 Invocations


You had 3 spell levels left.
You didn't know any spells.
Your spell library was empty.

Dungeon Overview and Level Annotations

Branches:
Dungeon (4/15)
 Temple: D:4-7

Altars:
Fedhas


Innate Abilities, Weirdness & Mutations

Your plain brown scales are hard. (AC +5)
You cannot fit into any form of body armour.
You are cold-blooded and may be slowed by cold attacks.


Message History

Done exploring.
There is a stone staircase leading down here.
You climb downwards.
There is a stone staircase leading up here. 2 orcs and an orc priest come into view.
The orc priest shouts!
You hear a shout!
a - a +1 hand crossbow (weapon)
An orc comes into view. It is wielding a +0 hand axe.
An orc priest comes into view. It is wielding a +0 hand axe.
Fire: 17 bolts
Press: ? - help, Q - select action Shift-Dir - straight line, f - orc priest
Aim: an orc priest, wielding a +0 morningstar (65% to hit)
You shoot a bolt. The orc priest shouts!
The orc shouts!
The bolt hits the orc priest.
The orc priest is moderately wounded.
The orc priest miscasts a cantrip.
Fire: 16 bolts
Press: ? - help, Q - select action Shift-Dir - straight line, f/p - orc priest
Aim: an orc priest, wielding a +0 morningstar (moderately wounded, 65% to hit)
You shoot a bolt. The bolt hits the orc priest.
The orc priest is severely wounded.
The orc priest begins to cast a cantrip, but forgets the words!
Fire: 15 bolts
Press: ? - help, Q - select action Shift-Dir - straight line, f/p - orc priest
Aim: an orc priest, wielding a +0 morningstar (severely wounded, 65% to hit)
You shoot a bolt. The bolt hits the orc priest.
The orc priest is almost dead.
The orc priest mumbles some strange prayers to Beogh against you.
Beogh smites you!
You hear a shout! x2
An orc comes into view.
The orc priest mumbles some strange prayers to Beogh against you.
Beogh smites you!
* * * LOW HITPOINT WARNING * * *
The orc priest invokes the aid of Beogh against you.
Beogh smites you!
You die...
Fedhas appreciates your contribution to the ecosystem.

#.....o.
#...oo.
#...o#
+....+
#o...#
#..o.#
#....#
#....#
#@...#
#<...#
#....#
#....#
#....#
#....#
#....#
#....#
.....#


You could see 2 orc priests and 3 orcs.

Vanquished Creatures
  A bullfrog skeleton (D:4)
  An adder (D:2)
  4 gnolls
  3 leopard geckos
  6 orcs (D:3)
  6 bats
  3 giant cockroaches
  3 goblins
  4 hobgoblins
  4 jackals (D:3)
  A frilled lizard (D:1)
  3 kobolds
  4 rats (D:3)
43 creatures vanquished.

Vanquished Creatures (others)
  A plant (D:2)
1 creature vanquished.

Grand Total: 44 creatures vanquished

Notes
Turn   | Place    | Note
-------+----------+-------------------------------------------
     0 | D:1      | Lanoc the Draconian Hunter began the quest for the Orb.
     0 | D:1      | Reached XP level 1. HP: 17/17 MP: 1/1
   105 | D:1      | Reached XP level 2. HP: 24/25 MP: 2/2
   230 | D:2      | Reached skill level 4 in Crossbows
   732 | D:3      | Reached XP level 3. HP: 30/30 MP: 3/3
  1013 | D:4      | Reached XP level 4. HP: 34/38 MP: 4/4
  1538 | D:3      | Found a faded altar of an unknown god.
  1545 | D:3      | Became a worshipper of Fedhas Madash
  1545 | D:3      | Reached * piety under Fedhas
  2132 | D:4      | Killed from afar by an orc priest

Illustrated notes

Levels and vault maps discovered:
D:1:      eino_arrival_cavern_b, layout_basic, hangedman_feature_mirror
D:2:      layout_basic, serial_bayou, serial_bayou_lagoon_b,
          serial_bayou_shore_b, serial_bayou_pond_d, serial_bayou_crossing,
          evilmike_ruin_ashenzari, uniq_natasha
D:3:      layout_basic, chequers_ecumenical_altar_simple
D:4:      layout_gridville, st_stairs_6

Skill      XL: |  1  2  3 |
---------------+----------+-----
Dodging        | 2 |  2.7
Crossbows      | 4 |  4.8
Fighting       | 3 |  3.3
Stealth        | |  0.8

Action                   |  1- 3 |  4- 6 || total
-------------------------+-------+-------++-------
Melee: Short sword       |    66 |    51 ||   117
       Tailslap          |     8 |    16 ||    24
       Dagger            |       |    39 ||    39
 Fire: Hand crossbow     |    17 |     3 ||    20
 Stab: Sleeping          |     1 |       ||     1
Armor: Skin              |    27 |    22 ||    49
Dodge: Dodged            |    68 |    65 ||   133

Table legend: (Time is in decaauts)
 A = Elapsed time spent in this place.
 B = Non-inter-level travel time spent in this place.
 C = Inter-level travel time spent in this place.
 D = Time resting spent in this place.
 E = Time spent auto-exploring this place.
 F = Levels seen in this place.
 G = Mean time per level.
                   A        B        C        D        E       F      G
               +--------+--------+--------+--------+--------+-----+--------+
         Total |   2153 |   2140 |     13 |    213 |   1524 |   4 |  538.2 |
       Dungeon |   2153 |   2140 |     13 |    213 |   1524 |   4 |  538.2 |
               +--------+--------+--------+--------+--------+-----+--------+

Top non-repeatable levels by time:
     D:3: 1561 daAuts
     D:4: 319 daAuts
     D:2: 161 daAuts
     D:1: 110 daAuts
